BSA
PORTLAND CARDS @ KALAMAZOO ROYALE WITH CHEESE
07/21/2030
 
TOP OF THE 1ST
Portland Cards batting - Pitching for Kalamazoo Royale with Cheese : LHP Salvador Castro
Pitching: LHP Salvador Castro
Batting: RHB Dennis Garner 0-0: Called Strike
0-1: Ball
1-1: SINGLE (Groundball, 6MD)
Batting: RHB Peter Hensley 0-0: Ball
1-0: Called Strike
1-1: DOUBLE (Line Drive, 78D)
Dennis Garner to third
Batting: LHB Troy Donaldson 0-0: Ball
1-0: Foul Ball, location: 2F
1-1: Ball
2-1: Called Strike
2-2: Foul Ball, location: 2F
2-2: Strikes out swinging, 2-3 out at first.
Batting: SHB Giancarlo Giannini 0-0: Ball
1-0: Ball
2-0: 3-RUN HOME RUN (Flyball, 8RXD), Distance : 441 ft
Batting: LHB Leonardo Medina 0-0: Ball
1-0: Foul Ball, location: 2F
1-1: Ball
2-1: Ball
3-1: Fly out, F5 (Popup, 56S)
Batting: SHB Marvin Harris 0-0: Called Strike
0-1: Ball
1-1: Called Strike
1-2: Strikes out looking
Top of the 1st over - 3 runs, 3 hits, 0 errors, 0 left on base; Portland 3 - Kalamazoo 0
BOTTOM OF THE 1ST
Kalamazoo Royale with Cheese batting - Pitching for Portland Cards : LHP Jeff Brennan
Pitching: LHP Jeff Brennan
Batting: RHB Millard Boyd 0-0: Ball
1-0: Ball
2-0: Ground out 6-3 (Groundball, 6S)
Batting: RHB Zander Tremblett 0-0: Called Strike
0-1: Ball
1-1: Ground out U3 (Groundball, 34)
Batting: SHB Caden Keith 0-0: SOLO HOME RUN (Flyball, 7LD), Distance : 346 ft
Batting: RHB Marlon Phipps 0-0: Called Strike
0-1: Foul Ball, location: 2F
0-2: Ball
1-2: Ball
2-2: Strikes out swinging
Bottom of the 1st over - 1 run, 1 hit, 0 errors, 0 left on base; Portland 3 - Kalamazoo 1
TOP OF THE 2ND
Portland Cards batting - Pitching for Kalamazoo Royale with Cheese : LHP Salvador Castro
Batting: RHB Aaron Scott 0-0: Ball
1-0: Called Strike
1-1: Ball
2-1: Swinging Strike
2-2: Ground out U3 (Groundball, 3L)
Batting: RHB Cristo García 0-0: Ball
1-0: Foul Ball, location: 2F
1-1: Ball
2-1: Called Strike
2-2: Strikes out looking
Batting: RHB Mario Méndez 0-0: Ball
1-0: Ball
2-0: Called Strike
2-1: Called Strike
2-2: Strikes out swinging
Top of the 2nd over - 0 runs, 0 hits, 0 errors, 0 left on base; Portland 3 - Kalamazoo 1
BOTTOM OF THE 2ND
Kalamazoo Royale with Cheese batting - Pitching for Portland Cards : LHP Jeff Brennan
Batting: LHB Gene Cooper 0-0: Foul Ball, location: 2F
0-1: Ball
1-1: Ball
2-1: Foul Ball, location: 2F
2-2: Foul Ball, location: 2F
2-2: Ball
3-2: Strikes out swinging
Batting: RHB Eugene Gill 0-0: Ball
1-0: Ball
2-0: SINGLE (Line Drive, 9S)
Batting: LHB Roberto Sandoval 0-0: Swinging Strike
0-1: Ball
1-1: Ball
2-1: Grounds into double play, 4-6-3 (Groundball, 4)
Bottom of the 2nd over - 0 runs, 1 hit, 0 errors, 0 left on base; Portland 3 - Kalamazoo 1
TOP OF THE 3RD
Portland Cards batting - Pitching for Kalamazoo Royale with Cheese : LHP Salvador Castro
Batting: RHB Dennis Garner 0-0: Ball
1-0: SINGLE (Groundball, 6MD)
Batting: RHB Peter Hensley 0-0: Called Strike
0-1: Ball
1-1: Called Strike
Dennis Garner steals 2nd base
1-2: Strikes out looking
Batting: LHB Troy Donaldson 0-0: Ball
1-0: Ball
Dennis Garner steals 3rd base
2-0: Foul Ball, location: 2F
2-1: Swinging Strike
2-2: Foul Ball, location: 2F
2-2: 2-RUN HOME RUN (Flyball, 9D), Distance : 369 ft
Batting: SHB Giancarlo Giannini 0-0: Called Strike
0-1: Swinging Strike
0-2: Strikes out looking
Batting: LHB Leonardo Medina 0-0: SINGLE (Groundball, 34D)
Batting: SHB Marvin Harris 0-0: Ball
1-0: Called Strike
1-1: Ball
2-1: Ball
Leonardo Medina steals 2nd base
3-1: Ground out 6-3 (Groundball, 6D)
Top of the 3rd over - 2 runs, 3 hits, 0 errors, 1 left on base; Portland 5 - Kalamazoo 1
BOTTOM OF THE 3RD
Kalamazoo Royale with Cheese batting - Pitching for Portland Cards : LHP Jeff Brennan
Batting: LHB Donovan Bird 0-0: Ball
1-0: Ground out U3 (Groundball, 3)
Batting: RHB Dan Tyler 0-0: Called Strike
0-1: Ball
1-1: Ball
2-1: Ball
3-1: SINGLE (Flyball, 78M)
Batting: RHB Millard Boyd 0-0: Ball
1-0: Ball
2-0: Foul Ball, location: 2F
2-1: Swinging Strike
2-2: SINGLE (Flyball, 7S)
Dan Tyler to second
Batting: RHB Zander Tremblett 0-0: Ground out 3-1 (Groundball, 34S)
Dan Tyler to third
Millard Boyd to second
Batting: SHB Caden Keith 0-0: SINGLE (Line Drive, 9S)
Dan Tyler scores
Millard Boyd to third
Runner from 3rd tries for Home, SAFE, no throw
Batting: RHB Marlon Phipps 0-0: Called Strike
Caden Keith steals 2nd base
0-1: Swinging Strike
0-2: Foul Ball, location: 2F
0-2: Strikes out swinging
Bottom of the 3rd over - 2 runs, 3 hits, 0 errors, 1 left on base; Portland 5 - Kalamazoo 3
TOP OF THE 4TH
Portland Cards batting - Pitching for Kalamazoo Royale with Cheese : LHP Salvador Castro
Batting: RHB Aaron Scott 0-0: Called Strike
0-1: Foul Ball, location: 2F
0-2: Ball
1-2: Strikes out swinging
Batting: RHB Cristo García 0-0: Called Strike
0-1: Foul Ball, location: 2F
0-2: Ball
1-2: Ball
2-2: Strikes out swinging
Batting: RHB Mario Méndez 0-0: Foul Ball, location: 2F
0-1: Called Strike
0-2: Ball
1-2: Ball
2-2: Foul Ball, location: 2F
2-2: Strikes out swinging
Top of the 4th over - 0 runs, 0 hits, 0 errors, 0 left on base; Portland 5 - Kalamazoo 3
BOTTOM OF THE 4TH
Kalamazoo Royale with Cheese batting - Pitching for Portland Cards : LHP Jeff Brennan
Batting: LHB Gene Cooper 0-0: Foul Ball, location: 2F
0-1: SINGLE (Groundball, 4D)
Batting: RHB Eugene Gill 0-0: Swinging Strike
0-1: Ball
1-1: Ball
2-1: Ball
3-1: Foul Ball, location: 2F
3-2: SINGLE (Line Drive, 56)
Gene Cooper to second
Batting: LHB Roberto Sandoval 0-0: Ball
1-0: Foul Ball, location: 2F
1-1: Swinging Strike
1-2: Fly out, F6 (Line Drive, 6)
Lined into DP, 6-4 (Line Drive, 6)
Batting: LHB Donovan Bird 0-0: Called Strike
0-1: Foul Ball, location: 2F
0-2: Ball
1-2: Foul Ball, location: 2F
1-2: Foul Ball, location: 2F
1-2: Ball
2-2: Foul Ball, location: 2F
2-2: Ball
3-2: Foul Ball, location: 2F
3-2: Strikes out swinging
Bottom of the 4th over - 0 runs, 2 hits, 0 errors, 1 left on base; Portland 5 - Kalamazoo 3
TOP OF THE 5TH
Portland Cards batting - Pitching for Kalamazoo Royale with Cheese : LHP Salvador Castro
Batting: RHB Dennis Garner 0-0: Called Strike
0-1: Fly out, F8 (Flyball, 8RD)
Batting: RHB Peter Hensley 0-0: Called Strike
0-1: Ground out 5-3 (Groundball, 5L)
Batting: LHB Troy Donaldson 0-0: Foul Ball, location: 2F
0-1: Foul Ball, location: 2F
0-2: Strikes out swinging
Top of the 5th over - 0 runs, 0 hits, 0 errors, 0 left on base; Portland 5 - Kalamazoo 3
BOTTOM OF THE 5TH
Kalamazoo Royale with Cheese batting - Pitching for Portland Cards : LHP Jeff Brennan
Batting: RHB Dan Tyler 0-0: Ground out 4-3 (Groundball, 4)
Batting: RHB Millard Boyd 0-0: Ball
1-0: Called Strike
1-1: Ball
2-1: Swinging Strike
2-2: Ground out 6-3 (Groundball, 6)
Batting: RHB Zander Tremblett 0-0: Foul Ball, location: 2F
0-1: Called Strike
0-2: Ball
1-2: Ball
2-2: Ball
3-2: Base on Balls
Batting: SHB Caden Keith 0-0: Ball
1-0: Called Strike
1-1: Fielders Choice at 2nd, 5-4 (Groundball, 56)
Bottom of the 5th over - 0 runs, 0 hits, 0 errors, 1 left on base; Portland 5 - Kalamazoo 3
TOP OF THE 6TH
Portland Cards batting - Pitching for Kalamazoo Royale with Cheese : LHP Salvador Castro
Batting: SHB Giancarlo Giannini 0-0: Called Strike
0-1: Ball
1-1: Ball
2-1: Called Strike
2-2: Foul Ball, location: 2F
2-2: Strikes out swinging
Batting: LHB Leonardo Medina 0-0: Called Strike
0-1: Foul Ball, location: 2F
0-2: Strikes out looking
Batting: SHB Marvin Harris 0-0: Ball
1-0: Ball
2-0: Called Strike
2-1: Called Strike
2-2: Strikes out looking
Top of the 6th over - 0 runs, 0 hits, 0 errors, 0 left on base; Portland 5 - Kalamazoo 3
BOTTOM OF THE 6TH
Kalamazoo Royale with Cheese batting - Pitching for Portland Cards : LHP Jeff Brennan
Batting: RHB Marlon Phipps 0-0: Ball
1-0: Ball
2-0: Ball
3-0: Base on Balls
Batting: LHB Gene Cooper 0-0: Foul Ball, location: 2F
0-1: Ball
1-1: Foul Ball, location: 2F
1-2: Grounds into double play, 6-4-3 (Groundball, 6)
Batting: RHB Eugene Gill 0-0: Ball
1-0: SINGLE (Groundball, 56D)
Batting: LHB Roberto Sandoval 0-0: Called Strike
0-1: Ball
1-1: Ball
2-1: Called Strike
2-2: Ball
3-2: SINGLE (Groundball, 6D)
Eugene Gill to second
Eugene Gill to third
Batting: LHB Donovan Bird 0-0: Ball
1-0: Ball
2-0: SINGLE (Line Drive, 3D)
Eugene Gill scores
Roberto Sandoval to second
Pitching: RHP Brian Hull
Batting: RHB Dan Tyler 0-0: Ball
1-0: Foul Ball, location: 2F
1-1: Foul Ball, location: 2F
1-2: Fly out, F7 (Flyball, 7D)
Bottom of the 6th over - 1 run, 3 hits, 0 errors, 2 left on base; Portland 5 - Kalamazoo 4
TOP OF THE 7TH
Portland Cards batting - Pitching for Kalamazoo Royale with Cheese : LHP Salvador Castro
Pitching: RHP Armen Boyajian
Batting: RHB Aaron Scott 0-0: Called Strike
0-1: Called Strike
0-2: Strikes out swinging
Batting: RHB Cristo García 0-0: Called Strike
0-1: Ball
1-1: TRIPLE (Flyball, 9D)
Batting: RHB Mario Méndez 0-0: Intentional Walk
Pinch Hitting: SHB Felipe Castro 0-0: Called Strike
0-1: Ball
1-1: Grounds into double play, 6-4-3 (Groundball, 6)
Top of the 7th over - 0 runs, 1 hit, 0 errors, 1 left on base; Portland 5 - Kalamazoo 4
BOTTOM OF THE 7TH
Kalamazoo Royale with Cheese batting - Pitching for Portland Cards : RHP Brian Hull
Now at SS: Ken Hernández
Batting: RHB Millard Boyd 0-0: Foul Ball, location: 2F
0-1: Foul Ball, location: 2F
0-2: Foul Ball, location: 2F
0-2: Ball
1-2: Foul Ball, location: 2F
1-2: Ball
2-2: Ball
3-2: Ground out 6-3 (Groundball, 6)
Batting: RHB Zander Tremblett 0-0: SINGLE (Line Drive, 7S)
Batting: SHB Caden Keith 0-0: Ball
1-0: Ball
2-0: Called Strike
2-1: Reached on error, E3 (Groundball, 3)
Zander Tremblett to second
Batting: RHB Marlon Phipps 0-0: Ball
1-0: Foul Ball, location: 2F
1-1: Ball
2-1: Foul Ball, location: 2F
2-2: Grounds into double play, 6-4-3 (Groundball, 6)
Bottom of the 7th over - 0 runs, 1 hit, 1 error, 1 left on base; Portland 5 - Kalamazoo 4
TOP OF THE 8TH
Portland Cards batting - Pitching for Kalamazoo Royale with Cheese : RHP Armen Boyajian
Batting: RHB Peter Hensley 0-0: Ground out 6-3 (Groundball, 6M)
Pitching: LHP Carlos Thomas
Batting: LHB Troy Donaldson 0-0: Ball
1-0: Swinging Strike
1-1: Ball
2-1: Foul Ball, location: 2F
2-2: Foul Ball, location: 2F
2-2: SINGLE (Flyball, 3D)
Pitching: RHP Josh Graham
Batting: SHB Giancarlo Giannini 0-0: SINGLE (Line Drive, 7S)
Troy Donaldson to second
Batting: LHB Leonardo Medina 0-0: Swinging Strike
0-1: Ball
1-1: Ball
2-1: Fly out, F4 (Flyball, 4D)
Batting: SHB Marvin Harris 0-0: Foul Ball, location: 2F
0-1: Called Strike
0-2: Ball
1-2: Ball
2-2: Foul Ball, location: 2F
2-2: Ball
3-2: Foul Ball, location: 2F
3-2: Strikes out looking
Top of the 8th over - 0 runs, 2 hits, 0 errors, 2 left on base; Portland 5 - Kalamazoo 4
BOTTOM OF THE 8TH
Kalamazoo Royale with Cheese batting - Pitching for Portland Cards : RHP Brian Hull
Pitching: LHP Jerry Beck
Now in RF: Phil Cantrell
Batting: LHB Gene Cooper 0-0: Called Strike
0-1: Ball
1-1: Called Strike
1-2: Ball
2-2: Fly out, F8 (Flyball, 8RD)
Pitching: LHP Miguel Martínez
Batting: RHB Eugene Gill 0-0: Ball
1-0: Ball
2-0: Ball
3-0: Base on Balls
Pinch Hitting: RHB Tae-kwon Kwon 0-0: Foul Ball, location: 2F
0-1: Grounds into double play, 6-4-3 (Groundball, 6)
Bottom of the 8th over - 0 runs, 0 hits, 0 errors, 0 left on base; Portland 5 - Kalamazoo 4
TOP OF THE 9TH
Portland Cards batting - Pitching for Kalamazoo Royale with Cheese : RHP Josh Graham
Pitching: RHP Víctor Reyes
Now at 3B: Javier Espinoza
Batting: RHB Aaron Scott 0-0: Called Strike
0-1: Swinging Strike
0-2: Ground out 6-3 (Groundball, 6MS)
Batting: RHB Cristo García 0-0: Ball
1-0: Foul Ball, location: 2F
1-1: Ball
2-1: Called Strike
2-2: Strikes out swinging
Batting: RHB Mario Méndez 0-0: Fly out, F8 (Line Drive, 8LXD)
Top of the 9th over - 0 runs, 0 hits, 0 errors, 0 left on base; Portland 5 - Kalamazoo 4
BOTTOM OF THE 9TH
Kalamazoo Royale with Cheese batting - Pitching for Portland Cards : LHP Miguel Martínez
Pitching: LHP Allan Bader
Batting: LHB Donovan Bird 0-0: Foul Ball, location: 2F
0-1: Ball
1-1: Ball
2-1: Swinging Strike
2-2: Strikes out swinging
Batting: RHB Dan Tyler 0-0: Ball
1-0: SINGLE (Groundball, 56D)
Batting: RHB Millard Boyd 0-0: Foul Ball, location: 2F
0-1: Foul Ball, location: 2F
0-2: Ball
1-2: Ball
2-2: Grounds into double play, 6-4-3 (Groundball, 6)
Bottom of the 9th over - 0 runs, 1 hit, 0 errors, 0 left on base; Portland 5 - Kalamazoo 4
Saturday, April 7th, 2018 - OOTP Baseball 18.8 Build 76